 Dungeon Crawl Stone Soup version 0.19.1 (webtiles) character file.

744 graki42 the Shield-Bearer (level 7, -7/44 HPs)
             Began as a Gargoyle Fighter on Dec 25, 2016.
             Was a Follower of Uskayaw.
             Mangled by an ogre
             ... wielding a +0 giant club
              (14 damage)
             ... on level 4 of the Dungeon.
             The game lasted 00:08:32 (2704 turns).

graki42 the Shield-Bearer (Gargoyle Fighter)        Turns: 2704, Time: 00:08:33

Health: -7/44      AC: 13    Str: 21    XL:     7   Next: 76%
Magic:  0/7        EV:  8    Int:  9    God:    Uskayaw [*.....]
Gold:   175        SH: 10    Dex:  9    Spells: 0 memorised, 6 levels left

rFire  . . .     SeeInvis .     x - +0 flail (protect)
rCold  . . .     Gourm    .     b - +0 scale mail
rNeg   + . .     Faith    .     c - +0 shield
rPois  ∞         Spirit   +     (no helmet)
rElec  +         Reflect  .     (no cloak)
rCorr  .         Harm     .     p - +0 pair of gloves
MR     .....                    (no boots)
Stlth  ..........               h - amulet of guardian spirit
                                (no ring)
                                (no ring)

@: very slightly contaminated
A: negative energy resistance 1, electricity resistance, unbreathing,
petrification resistance, rot immunity, AC +4
a: Stomp, Renounce Religion


You were on level 4 of the Dungeon.
You worshipped Uskayaw.
Uskayaw was noncommittal.
You were not hungry.

You visited 1 branch of the dungeon, and saw 4 of its levels.

You collected 175 gold pieces.

Inventory:

Hand Weapons
 x - a +0 flail of protection (weapon)
Armour
 b - a +0 scale mail (worn)
 c - a +0 shield (worn)
 p - a +0 pair of gloves (worn)
Jewellery
 h - an amulet of guardian spirit (around neck)
Wands
 d - a wand of iceblast (8/15)
Scrolls
 j - 6 scrolls of identify {unknown}
 k - a scroll of fog {unknown}
 l - 2 scrolls of remove curse {unknown}
 n - a scroll of magic mapping {unknown}
 o - a scroll of immolation {unknown}
 q - a scroll of teleportation {unknown}
 v - a scroll of enchant armour {unknown}
Potions
 a - 2 potions of lignification {unknown}
 e - 4 potions of curing {unknown}
 g - a potion of berserk rage {unknown}
 m - a potion of resistance {unknown}
 t - a potion of agility {unknown}
 u - a potion of haste {unknown}
 w - a potion of cancellation {unknown}
Comestibles
 f - 2 bread rations
 i - 2 meat rations
 r - 2 royal jellies


   Skills:
 + Level 4.4 Fighting
 + Level 5.2 Maces & Flails
 + Level 4.8 Armour
 + Level 2.0 Dodging
 + Level 0.8 Stealth
 + Level 5.6 Shields


You had 6 spell levels left.
You didn't know any spells.

Dungeon Overview and Level Annotations

Branches:
Dungeon (4/15)
 Temple: D:4-7

Altars:
Cheibriados
Dithmenos
Gozag
Makhleb
Ru
Uskayaw


Innate Abilities, Weirdness & Mutations

You are resistant to torment.
Your stone body is resilient. (AC +4)
You are immune to poison.
You resist negative energy. (rN+)
You are resistant to electric shocks. (rElec)
You can survive without breathing.
You are immune to petrification.
You are immune to rotting.


Message History

Your Dodging skill increases to level 2!
a - 2 black potions
Things that are here:
a falchion; a leather armour; the human corpse of Eustachio You flicker back into view.
You start resting.
You can no longer pass through a line of other dancers.
The ogre shouts!
You sock the ogre!
Your weapon exudes an aura of protection.
The ogre is heavily wounded.
The ogre hits you with a giant club!
You barely miss the ogre.
The ogre is heavily wounded.
The ogre hits you with a giant club!
* * * LOW HITPOINT WARNING * * *
Your shield prevents you from hitting the ogre.
The ogre is heavily wounded.
The ogre hits you with a giant club!
You die...

........##....)# #..
......# ...#....##.....#
##... .....#
...##..........##...#
#....
...##..............#
#...
...##.(...........##
...# ..
#..#........#)..### ..
##........##....## #
#........##......######.
.........#....#.@O......
........####.#..$.......
. .##....##
##....######. .. ##
..### #...## #. # ###
##..# ## ##.# #.# ##


You could see an ogre.

Vanquished Creatures
  The ghost of graki42 the Shield-Bearer, an amateur GrFi (D:3)
  Eustachio (D:4)
  An ogre (D:4)
  A phantom (D:4)
  A centaur (D:3)
  An orc priest (D:3)
  A hound (D:3)
  A worker ant (D:3)
  An adder (D:4)
  3 worms
  3 dart slugs
  4 leopard geckos
  9 orcs (D:3)
  5 giant cockroaches
  9 hobgoblins
  7 jackals
  8 kobolds
  8 bats
  4 frilled lizards
  8 goblins
  A quokka skeleton (D:4)
  8 rats
86 creatures vanquished.

Notes
Turn   | Place    | Note
-------+----------+-------------------------------------------
     0 | D:1      | graki42 the Gargoyle Fighter began the quest for the Orb.
     0 | D:1      | Reached XP level 1. HP: 14/14 MP: 1/1
   171 | D:1      | Reached XP level 2. HP: 16/19 MP: 2/2
   520 | D:1      | Reached XP level 3. HP: 15/23 MP: 1/3
   894 | D:2      | Found an opulent altar of Gozag.
  1175 | D:2      | Found a hide-covered altar of Uskayaw.
  1193 | D:2      | Reached XP level 4. HP: 24/29 MP: 2/4
  1219 | D:2      | Became a worshipper of Uskayaw the Reveler
  1350 | D:3      | Reached * piety under Uskayaw
  1433 | D:3      | Noticed graki42's ghost (amateur GrFi)
  1442 | D:3      | Reached skill level 1 in Dodging
  1442 | D:3      | Reached ** piety under Uskayaw
  1444 | D:3      | Reached *** piety under Uskayaw
  1449 | D:3      | Reached **** piety under Uskayaw
  1453 | D:3      | Killed graki42's ghost
  1453 | D:3      | Reached skill level 5 in Shields
  1453 | D:3      | Reached XP level 5. HP: 3/33 MP: 1/5
  1453 | D:3      | Reached XP level 6. HP: 4/38 MP: 1/6
  1453 | D:3      | Reached ***** piety under Uskayaw
  2091 | D:3      | Found a burning altar of Makhleb.
  2162 | D:3      | Found a snail-covered altar of Cheibriados.
  2210 | D:3      | You fall through a shaft!
  2230 | D:4      | Found a sacrificial altar of Ru.
  2241 | D:4      | Reached XP level 7. HP: 43/43 MP: 7/7
  2514 | D:3      | Found a shadowy altar of Dithmenos.
  2639 | D:4      | Noticed Eustachio
  2656 | D:4      | Killed Eustachio
  2675 | D:4      | Reached skill level 5 in Maces & Flails
  2704 | D:4      | Mangled by an ogre

Skill      XL: |  1  2  3  4  5  6  7 |
---------------+----------------------+-----
Shields        | 5 |  5.6
Dodging        | 1 2 |  2.0
Fighting       | 4 |  4.4
Maces & Flails | 3 4 5 |  5.2
Armour         | 4 |  4.8
Stealth        | |  0.8

Action                   |  1- 3 |  4- 6 |  7- 9 || total
-------------------------+-------+-------+-------++-------
Melee: Flail             |   208 |   139 |    45 ||   392
Invok: Stomp             |       |     1 |     1 ||     2
  Use: Potion            |       |     1 |     1 ||     2
 Stab: Paralysed         |       |     1 |     1 ||     2
       Invisible         |       |       |     3 ||     3
  Eat: Chunk             |     1 |     4 |     2 ||     7
Armor: Scale mail        |   149 |    61 |    29 ||   239
Dodge: Dodged            |    79 |    42 |    30 ||   151
Block: Shield            |   142 |    70 |    27 ||   239
